 Dungeon Crawl Stone Soup version 0.29.1-14-g9c671dbff4 (webtiles) character file.

Game seed: 4401847724800548892

91 EndlessMike the Chiller (level 4, -13/30 HPs)
             Began as a Vampire Ice Elementalist on Feb 19, 2023.
             Engulfed by a cloud of freezing vapour (22 damage)
             ... on level 4 of the Dungeon.
             The game lasted 00:07:43 (2674 turns).

EndlessMike the Chiller (Vampire Ice Elementalist)  Turns: 2674, Time: 00:07:43

Health: -13/30     AC:  2    Str:  9    XL:     4   Next: 34%
Magic:  8/8        EV: 12    Int: 17    God:
Gold:   63         SH:  0    Dex: 14    Spells: 4/8 levels left

rFire   . . .      SeeInvis +   (no weapon)
rCold   . . .      Faith    .   (no shield)
rNeg    . . .      Spirit   .   a - +0 robe
rPois   .          Reflect  .   (no helmet)
rElec   .          Harm     .   (no cloak)
rCorr   .          Rampage  .   (no gloves)
Will    .....                   (no boots)
Stlth   ++........              o - amulet of magic regeneration
HPRegen 0.30/turn               (no ring)
MPRegen 0.51/turn               (no ring)

@: about to teleport, healing quickly
A: alive, fangs 3, see invisible, vampiric 2
a: Exsanguinate


You were on level 4 of the Dungeon.
You visited 1 branch of the dungeon, and saw 4 of its levels.

You collected 63 gold pieces.

Inventory:

Armour
 a - a +0 robe (worn)
Jewellery
 o - an amulet of magic regeneration (around neck)
Wands
 i - a wand of digging (6)
Scrolls
 c - a scroll of fear
 f - 2 scrolls of immolation
 k - a scroll of enchant weapon
Potions
 b - 2 potions of magic
 d - a potion of mutation {unknown}
 h - 2 potions of lignification {unknown}
 j - 2 potions of curing {unknown}
 l - a potion of haste {unknown}
 m - a potion of brilliance {unknown}
 n - 2 potions of heal wounds {unknown}
 p - a potion of resistance


   Skills:
 - Level 2.1 Dodging
 - Level 3.0 Stealth
 + Level 2.9 Spellcasting
 * Level 5.3 Ice Magic


You had 4 spell levels left.
You knew the following spells:

 Your Spells              Type           Power      Damage    Failure   Level
b - Frozen Ramparts       Ice            40%        1d7       6%          3
z - Freeze                Ice            80%        1d9       1%          1

Your spell library contained the following spells:

 Spells                   Type           Power      Damage    Failure   Level
 Ozocubu's Armour         Ice            20%        N/A       6%          3
 Hailstorm                Conj/Ice       11%        3d5       52%         4


Dungeon Overview and Level Annotations

Branches:
Dungeon (4/15)             Temple (0/1) D:4

Altars:

Annotations:
D:4 1 transporter


Innate Abilities, Weirdness & Mutations

Your natural rate of healing is accelerated.
You have razor-sharp teeth.
You have supernaturally acute eyesight. (SInv)
You are afflicted with vampirism and can become a bat while bloodless.


Message History

Found 9 gold pieces.
A dart slug comes into view.
You open the door.
There is an open door here.
You close the door.
A phantom opens the door.
Found a transporter.
Press: ? - help, v - describe, . - travel A transporter.
Found a stone staircase leading up.
You hear the slow hiss of an avalanche of sand nearby.
Found a potion of resistance.
There is a transporter here.
You enter the transporter and appear at another place.
p - a potion of resistance You open the gate. 2 ice beasts come into view.
Found a scroll labelled HOZOSU XADAPUFES, 35 gold pieces and a flail.
Found a transporter.
Okay, then.
You close the gate.
As you read the scroll labelled GUKEGUIVUA, it crumbles to dust.
The air around you briefly surges with heat, but it dissipates.
It was a scroll of immolation.
As you read the scroll labelled HOZOSU XADAPUFES, it crumbles to dust.
It is a scroll of identify.
c - a scroll of fear
As you read the scroll of identify, it crumbles to dust.
e - a scroll of teleportation
As you read the scroll of identify, it crumbles to dust.
k - a scroll of enchant weapon You open the gate.
An ice beast comes into view.
You are engulfed in freezing vapours.
Ouch! That really hurt!
* * * LOW HITPOINT WARNING * * *
There is an open gate here.
As you read the scroll of teleportation, it crumbles to dust.
You feel strangely unstable.
You are engulfed in freezing vapours.
Ouch! That really hurt!
You die...

.. ... ####### ..#.#.#
#Y○○○○######## #.#.#.#
+.#○°☼°°#○°☼○○○# #.#.#.#
#.#☼○○○○#°☼○○○○###.#.#.#
..#)$.○@°.#.#..#...#.#.#
.©#©?.☼☼○...©☼○#W..#.#.#
..#$$.○°○.#.#○°#...#.#.#
###°○Y.Y#°☼○°°.#........
##○○☼○○#☼☼○○☼○#<..#.#.#
#°○○☼☼########.#.#.#.#
####### #.#.#.#.#
#+#+#+#'# .........


You could see 3 ice beasts.

Vanquished Creatures
  Jessica (D:2)
  2 adders
  2 ball pythons (D:1)
  5 bats
  6 endoplasms
  2 giant cockroaches (D:1)
  8 goblins
  A hobgoblin (D:3)
  7 jackals
  2 quokkas
  2 frilled lizards
  A kobold (D:3)
  2 rats
41 creatures vanquished.

Notes
Turn   | Place    | Note
-------+----------+-------------------------------------------
     0 | D:1      | EndlessMike the Vampire Ice Elementalist began the quest
                  | for the Orb.
     0 | D:1      | Reached XP level 1. HP: 13/13 MP: 3/3
   125 | D:1      | Reached XP level 2. HP: 5/19 MP: 0/5
   886 | D:1      | Found a faded altar of an unknown god.
  1162 | D:1      | Gained mutation: You are afflicted with vampirism and can
                  | become a bat while bloodless. [Vampire growth]
  1162 | D:1      | Reached XP level 3. HP: 23/24 MP: 3/6
  1643 | D:2      | Noticed Jessica
  1648 | D:2      | Killed Jessica
  1649 | D:2      | Reached skill level 5 in Ice Magic
  2142 | D:2      | Learned a level 3 spell: Frozen Ramparts
  2165 | D:3      | Noticed an ogre
  2261 | D:3      | Reached XP level 4. HP: 27/30 MP: 8/8
  2558 | D:4      | Noticed a phantom
  2569 | D:4      | Found a staircase to the Ecumenical Temple.
  2653 | D:4      | Found a transporter.
  2665 | D:4      | Found a transporter.
  2665 | D:4      | Noticed an ice beast
  2665 | D:4      | Noticed an ice beast
  2672 | D:4      | Noticed an ice beast
  2674 | D:4      | Engulfed by a cloud of freezing vapour

Illustrated notes

Levels and vault maps discovered:
D:1:      noname_arrival_rooms_in_the_neighbourhood, layout_basic,
          shapermc_ecumenical_altar_flowoftime, minmay_misc_feat_alley
D:2:      layout_loops_corners, grunt_ministairs_8, uniq_jessica
D:3:      layout_loops_ring, minivault_25, chequers_arboretum, uniq_grinder
D:4:      gammafunk_cloud_chamber, layout_basic, grunt_qazlal_clouds,
          mainiacjoe_overflow_six_doors_small, minmay_temple_entry_waves,
          gup_ossuary_entry_pyramid, minivault_4, uniq_sigmund

Skill      XL: |  1  2  3 |
---------------+----------+-----
Ice Magic      | 5 |  5.3
Dodging        | |  2.1
Stealth        | |  3.0
Spellcasting   | |  2.9

Action                   |  1- 3 |  4- 6 || total
-------------------------+-------+-------++-------
Melee: Unarmed           |     5 |       ||     5
       Bite              |     1 |       ||     1
 Cast: Freeze            |    48 |    13 ||    61
       Frozen Ramparts   |     1 |       ||     1
  Use: Scroll            |       |     5 ||     5
Armor: Robe              |     7 |     4 ||    11
Dodge: Dodged            |    23 |    22 ||    45
